 Dungeon Crawl Stone Soup version 0.23-a0-814-g91b4073 (webtiles) character file.

688 poirepourri the Cleaver (level 7, -3/61 HPs)
             Began as a Deep Dwarf Fighter on Jan 21, 2019.
             Was a Follower of Makhleb.
             Slain by an ogre
             ... wielding a +0 giant club
              (9 damage)
             ... on level 6 of the Dungeon.
             The game lasted 00:03:05 (3512 turns).

poirepourri the Cleaver (Deep Dwarf Fighter)        Turns: 3512, Time: 00:03:05

Health: -3/61      AC:  6    Str: 19    XL:     7   Next: 36%
Magic:  7/7        EV:  7    Int:  9    God:    Makhleb [*.....]
Gold:   228        SH:  9    Dex: 14    Spells: 6/6 levels left

rFire    . . .     SeeInvis .   a - +3 war axe
rCold    . . .     Gourm    .   c - +0 shield
rNeg     . . .     Faith    .   b - +0 scale mail
rPois    .         Spirit   .   (no helmet)
rElec    .         Reflect  .   (no cloak)
rCorr    .         Harm     .   (no gloves)
MR       +....                  (no boots)
Stlth    ..........             (no amulet)
HPRegen  0.00/turn              (no ring)
MPRegen  0.10/turn              (no ring)

@: marked, non-regenerating
A: damage resistance, heal wounds, sense surroundings 1, no regeneration
a: Heal Wounds, Renounce Religion


You were on level 6 of the Dungeon.
You worshipped Makhleb.
Makhleb was aware of your devotion.
You were not hungry.

You visited 2 branches of the dungeon, and saw 7 of its levels.

You collected 228 gold pieces.

Inventory:

Hand Weapons
 a - a +3 war axe (weapon)
Armour
 b - a +0 scale mail (worn)
 c - a +0 shield (worn)
 l - the +2 helmet "Kaoposo" {rC+++ Dex-3 SInv}
   (You found it on level 4 of the Dungeon)

   It affects your dexterity (-3).
   It renders you almost immune to cold.
   It lets you see invisible.
Jewellery
 p - a +3 ring of intelligence {unknown}
Scrolls
 e - 3 scrolls of teleportation
 j - 2 scrolls of remove curse
 k - a scroll of fog
 m - a scroll of amnesia
Potions
 d - 4 potions of might
 g - a potion of mutation
 h - a potion of flight {unknown}
 i - a potion of lignification
 n - a potion of haste
 o - a potion of agility {unknown}
Comestibles
 f - 13 rations


   Skills:
 - Level 2.6 Fighting
 + Level 9.2 Axes
 - Level 3.2 Armour
 - Level 3.2 Shields


You had 6 spell levels left.
You didn't know any spells.
Your spell library contained the following spells:

 Spells                   Type           Power        Failure   Level  Hunger
 Magic Dart               Conj           #...         99%         1    ##.....
 Blink                    Tloc           N/A          100%        2    ###....
 Call Imp                 Summ           #.......     100%        2    ###....
 Slow                     Hex            #.......     100%        2    ###....
 Conjure Flame            Conj/Fire      #.......     100%        3    ####...
 Mephitic Cloud           Conj/Pois/Air  #.......     100%        3    ####...


Dungeon Overview and Level Annotations

Branches:
Dungeon (6/15)             Temple (1/1) D:4

Altars:
Ashenzari
Cheibriados
Dithmenos
Elyvilon
Fedhas
Gozag
Hepliaklqana
Kikubaaqudgha
Makhleb
Nemelex Xobeh
Okawaru
Qazlal
Ru
Sif Muna
Trog
Uskayaw
Vehumet
Wu Jian
Xom
Yredelemnul
Zin
The Shining One

Annotations:
D:6 Edmund


Innate Abilities, Weirdness & Mutations

You are resistant to damage.
You can heal yourself by infusing magical energy.
You passively map a small area around you.
You do not regenerate.


Message History

You block the sky beast's attack.
You slash the centaur!
The centaur is almost dead.
You slash the sky beast! You hit the ogre. You barely miss the ogre.
You block the centaur's attack. The ogre hits you with a +0 giant club!
The ogre hits you with a +0 giant club!!
The centaur barely misses you. The sky beast hits you.
The sky beast shocks you.
* * * LOW HITPOINT WARNING * * *
You slash the centaur!
You kill the centaur!
Makhleb accepts your kill.
Your Axes skill increases to level 9!
You completely miss the hound. You slash the ogre!
You hit the ogre but do no damage. You hit the sky beast but do no damage.
The hound bites you but does no damage. You block the sky beast's attack.
The ogre hits you with a +0 giant club!
* * * LOW HITPOINT WARNING * * *
The ogre hits you with a +0 giant club!
You die...

#.........# #.#.... ,
#.........# #.#.###
#.........# #...#.. ,
#.........# #..##.# ,
*#.........# ###..##.#
.....≈....#######.......#
##..a.......o5.......####
##....YOO..##...#.#.# ,
#.####@#######.#.#.# , #
#)h# #...#.#* #?.##
###.... , * #..#* #..#. *
.@.# ..).#. #..#* * ##..
* *#.# * , , , .< * * , *
,


You could see Edmund, a sky beast, 2 ogres, a hound, a worker ant, a shadow imp
and an orc.

Vanquished Creatures
  2 phantoms
  A centaur (D:6)
  A bullfrog (D:6)
  A bullfrog zombie (D:5)
  A hound (D:5)
  An orc wizard (D:4)
  4 worker ants (D:4)
  A worker ant zombie (D:6)
  6 adders
  2 oozes
  6 worms
  4 dart slugs
  4 leopard geckos
  4 orcs (D:4)
  9 bats
  4 giant cockroaches
  9 goblins
  6 hobgoblins
  6 jackals
  5 kobolds
  3 quokkas
  9 frilled lizards
  A leopard gecko skeleton (D:6)
  7 rats
97 creatures vanquished.

Notes
Turn   | Place    | Note
-------+----------+-------------------------------------------
     0 | D:1      | poirepourri the Deep Dwarf Fighter began the quest for the
                  | Orb.
     0 | D:1      | Reached XP level 1. HP: 20/20 MP: 1/1
    74 | D:1      | Reached skill level 3 in Axes
    74 | D:1      | Reached XP level 2. HP: 27/27 MP: 2/2
   441 | D:1      | Reached XP level 3. HP: 26/33 MP: 3/3
   843 | D:2      | Reached skill level 4 in Axes
  1124 | D:2      | Reached XP level 4. HP: 38/40 MP: 4/4
  1444 | D:3      | Reached skill level 5 in Axes
  2098 | D:4      | Noticed a phantom
  2127 | D:4      | Killed a phantom
  2127 | D:4      | Reached skill level 6 in Axes
  2127 | D:4      | Reached XP level 5. HP: 27/46 MP: 5/5
  2166 | D:4      | Found a staircase to the Ecumenical Temple.
  2192 | Temple   | Entered the Ecumenical Temple
  2298 | Temple   | Became a worshipper of Makhleb the Destroyer
  2437 | D:4      | Got a jewelled helmet
  2443 | D:4      | Identified the +2 helmet "Kaoposo" {rC+++ Dex-3 SInv} (You
                  | found it on level 4 of the Dungeon)
  2512 | D:4      | Found an ornate altar of the Wu Jian Council.
  2520 | D:4      | Reached skill level 7 in Axes
  2520 | D:4      | Reached XP level 6. HP: 38/55 MP: 6/6
  2869 | D:5      | Entered Level 5 of the Dungeon
  2948 | D:5      | Reached skill level 8 in Axes
  2979 | D:5      | Reached XP level 7. HP: 41/61 MP: 7/7
  3508 | D:6      | Reached * piety under Makhleb
  3509 | D:6      | Noticed Edmund
  3512 | D:6      | Reached skill level 9 in Axes
  3512 | D:6      | Slain by an ogre

Vault maps used:
D:1:      psy_arrival_heroes, minmay_pentomino_x4
D:2:      supply_closet_lemuel, minivault_27, due_unseen_surprise
D:3:      first_ration
D:4:      lemuel_round_altar, minmay_temple_entry_butterflies
D:6:      minmay_angry_zag, serial_shops, shop_fountains,
          ebering_ghost_reflecting_pool, uniq_edmund
Temple:   kilobyte_greek_temple

Skill      XL: |  1  2  3  4  5  6  7 |
---------------+----------------------+-----
Axes           | 3 4 6 7 8 9 |  9.2
Fighting       | |  2.6
Armour         | |  3.2
Shields        | |  3.2

Action                   |  1- 3 |  4- 6 |  7- 9 || total
-------------------------+-------+-------+-------++-------
Melee: War axe           |   111 |   198 |    29 ||   338
 Abil: Heal Wounds       |       |     3 |     1 ||     4
  Use: Scroll            |     4 |     8 |       ||    12
       Potion            |     1 |     1 |       ||     2
  Eat: Ration            |     2 |     2 |       ||     4
Armor: Scale mail        |    44 |    68 |     6 ||   118
Dodge: Dodged            |    35 |    37 |    11 ||    83
Block: Shield            |    66 |    83 |    22 ||   171

Table legend:
 A = Non-vault XP
 B = Vault XP
 C = Vault XP percentage of total XP
 D = Non-vault monster count
 E = Vault monster count
 F = Vault count percentage of total count
                 A         B        C        D         E       F
            +---------+---------+-------+---------+---------+-------
      Total |     982 |       2 |   0.2 |      96 |       1 |   1.0
            +---------+---------+-------+---------+---------+-------
        D:1 |      42 |       2 |   4.5 |      21 |       1 |   4.5
        D:2 |      61 |       0 |   0.0 |      18 |       0 |   0.0
        D:3 |      67 |       0 |   0.0 |      25 |       0 |   0.0
        D:4 |     343 |       0 |   0.0 |      16 |       0 |   0.0
        D:5 |     243 |       0 |   0.0 |      10 |       0 |   0.0
        D:6 |     226 |       0 |   0.0 |       6 |       0 |   0.0
            +---------+---------+-------+---------+---------+-------
